Ducks vs Stars

Created - 16 février 2019 at 22:02

Goals
1 2 3 T
Ducks 0 1 0 1
Stars 1 3 0 4
Shots
1 2 3 T
Ducks 7 9 11 27
Stars 11 8 3 22

1st period

1. Stars , Paul Byron 10 (Pierre-Luc Dubois 9, Nazem Kadri 22) at 9:34

Penalties :
Luke Schenn (ANA) for Elbowing (Minor) at 7:24, Rasmus Ristolainen (DAL) for Holding (Minor) at 11:09, Brandon Dubinsky (ANA) for Hooking (Minor) at 13:19, Wayne Simmonds (ANA) for Elbowing (Minor) at 19:37

2nd period

2. Stars , Sebastian Aho 14 (Duncan Keith 16, John Klingberg 25) at 1:27 (PP)
3. Ducks , Kris Letang 4 (Mark Scheifele 37, Derek Forbort 11) at 11:37
4. Stars , Nazem Kadri 22 (Jonathan Marchessault 13, Josh Bailey 25) at 13:55 (PP)
5. Stars , Jeff Petry 9 (Nazem Kadri 23, Josh Bailey 26) at 18:22 (PP)

Penalties :
David Backes (ANA) for Hooking (Minor) at 8:36, Brandon Dubinsky (ANA) for Slashing (Minor) at 12:48, Luke Schenn (ANA) for Hooking (Minor) at 14:38, Mark Scheifele (ANA) for High sticking (Minor) at 18:12

3rd period

No Goal

Penalties :
Jeff Petry (DAL) for Tripping (Minor) at 4:24, Rasmus Ristolainen (DAL) for Hooking (Minor) at 5:32, Rasmus Ristolainen (DAL) for Hooking (Minor) at 15:29

Goalie Stats

Pekka Rinne (ANA), 18 saves from 22 shots - (0.818), L, 33-17-5, 60:00 minutes
Jonathan Quick (DAL), 26 saves from 27 shots - (0.963), W, 22-17-3, 60:00 minutes

Players Stats for Ducks

Player Name              G  A  P  +/- PIM S  H  SB GA TA FO     MP     PP MP  PK MP  
------------------------------------------------------------------------------------
Andrew Shaw              0  0  0   0  0   2  1  0  0  0  0/0    10:12   0:00   0:00 
Brandon Dubinsky         0  0  0   0  4   0  1  0  0  0  1/1    10:48   0:00   0:00 
Claude Giroux            0  0  0   1  0   4  0  0  0  0  1/1    20:52   3:46   6:17 
Colton Parayko           0  0  0   0  0   0  1  4  0  0  0/0    23:33   3:33   6:40 
David Backes             0  0  0  -1  2   1  3  0  0  0  1/1    10:00   0:00   0:00 
Derek Forbort            0  1  1   1  0   2  3  0  0  0  0/0    21:00   3:32   4:23 
Gabriel Landeskog        0  0  0  -1  0   3  0  0  0  0  2/2    14:30   3:19   1:10 
Josh Manson              0  0  0   0  0   0  5  2  0  0  0/0    23:33   3:33   6:40 
Kris Letang              1  0  1   1  0   3  1  1  0  0  0/0    21:00   3:32   4:23 
Luke Schenn              0  0  0  -1  4   1  6  0  0  0  0/0    15:25   0:00   0:00 
Mark Scheifele           0  1  1   1  2   2  0  0  0  0  8/19   14:34   3:46   0:00 
Milan Lucic              0  0  0   0  0   1  1  0  0  0  0/1    10:12   0:00   0:00 
Roman Polak              0  0  0  -1  0   1  1  0  0  0  0/0    15:27   0:00   0:00 
Torrey Mitchell          0  0  0   0  0   2  0  0  0  0  7/16   16:33   0:00   5:43 
Troy Brouwer             0  0  0   0  0   0  1  0  0  0  0/0    15:30   0:00   4:40 
Tyler Johnson            0  0  0   0  0   1  0  0  0  0  7/15   17:47   3:19   4:16 
Wayne Simmonds           0  0  0   1  2   4  4  0  0  0  1/1    14:34   3:46   0:00 
William Nylander         0  0  0  -1  0   0  0  0  0  0  8/15   13:20   3:19   0:00 

Players Stats for Stars

Player Name              G  A  P  +/- PIM S  H  SB GA TA FO     MP     PP MP  PK MP  
------------------------------------------------------------------------------------
Danny DeKeyser           0  0  0   0  0   0  0  2  0  0  0/0    16:34   0:00   2:30 
Devin Shore              0  0  0   0  0   1  0  0  0  0  1/2     7:38   0:00   0:16 
Duncan Keith             0  1  1   0  0   1  2  1  0  0  0/0    20:54   4:36   4:42 
Henrik Sedin             0  0  0   0  0   1  1  0  0  0  10/19  16:24   5:15   0:38 
Jakub Voracek            0  0  0   0  0   2  0  1  0  0  0/3    19:42   5:15   0:00 
Jeff Petry               1  0  1   0  2   1  5  0  0  0  0/0    18:18   6:27   0:16 
John Klingberg           0  1  1   0  0   3  0  0  0  0  0/0    24:28   4:36   3:40 
Jonathan Marchessault    0  1  1   0  0   0  2  0  0  0  0/0    20:15   5:48   0:00 
Josh Bailey              0  2  2   0  0   2  1  0  0  0  1/1    16:19   5:48   0:00 
Martin Hanzal            0  0  0   0  0   0  0  0  0  0  8/16   11:37   0:00   4:15 
Nazem Kadri              1  2  3   0  0   3  2  0  0  0  11/18  20:15   5:48   0:00 
Paul Byron               1  0  1   0  0   3  1  0  0  0  0/1    13:46   0:00   4:14 
Pierre-Luc Dubois        0  1  1   0  0   0  1  0  0  0  2/7     9:32   0:00   0:00 
Rasmus Ristolainen       0  0  0   0  6   1  1  1  0  0  0/0    23:31   6:27   0:54 
Sebastian Aho            1  0  1   0  0   2  1  0  0  0  0/1    15:46   5:15   0:00 
Tommy Wingels            0  0  0   0  0   0  2  0  0  0  1/1     9:20   0:00   1:58 
Yanni Gourde             0  0  0   0  0   0  0  0  0  0  2/3    11:30   0:00   1:58 
Zdeno Chara              0  0  0   0  0   2  1  1  0  0  0/0    16:11   0:00   2:07 

3 Stars

1 - Nazem Kadri (DAL)
2 - Jonathan Quick (DAL)
3 - Jeff Petry (DAL)

Power Play

Ducks - 0 on 4 Attempt(s) - 0.00%
Stars - 3 on 7 Attempt(s) - 42.86%

Penalty Kill

Ducks - 4 on 7 Attempt(s) - 57.14% - Score 0 goal in Penalty Kill
Stars - 4 on 4 Attempt(s) - 100.00% - Score 0 goal in Penalty Kill

Team Stat

Ducks - Hits : 28 - Faceoff Wins : 36 - Blocked Shots : 7 - Penalty Minutes : 14
Stars - Hits : 20 - Faceoff Wins : 36 - Blocked Shots : 6 - Penalty Minutes : 8

Official

Referees : Rob Martell and Garrett Rank
Linesman : Greg Devorski and Steve Miller

Game Notes

No Game Note

Finance

Level 1 -- Attendance: 3775 (62.92%) -- Ticket Income 528 500 $
Level 2 -- Attendance: 2516 (50.32%) -- Ticket Income 309 468 $
Level 3 -- Attendance: 2000 (100.00%) -- Ticket Income 170 000 $
Level 4 -- Attendance: 1682 (37.11%) -- Ticket Income 99 238 $
Luxury Box -- Attendance: 750 (75.00%) -- Ticket Income 172 500 $
Game was played at the American Airlines Center.
Total Attendance: 10723 (57.86%)
Total Ticket Income: 1 279 706 $
Other Income: 627 056 $
Total Income: 1 906 762 $

% Time on Ice - Ducks

Lines # - Real PCT - Wanted PCT - Time Play
Normal Forward
1 - 26% - 25% - 10:49
2 - 24% - 25% - 10:01
3 - 24% - 25% - 10:12
4 - 26% - 25% - 10:50
Normal Defense
1 - 31% - 35% - 13:05
2 - 32% - 35% - 13:20
3 - 37% - 30% - 15:27
4 - 0% - 0% - 0:00
PP Forward
1 - 53% - 55% - 3:46
2 - 47% - 45% - 3:19
PP Defense
1 - 50% - 55% - 3:33
2 - 50% - 45% - 3:32
PK Forward
1 - 58% - 55% - 6:23
2 - 42% - 45% - 4:40
PK Defense
1 - 60% - 55% - 6:40
2 - 40% - 45% - 4:23
PK3 Forward
1 - 0% - 55%
2 - 0% - 45%
PK3 Defense
1 - 0% - 55%
2 - 0% - 45%
44 Forward
1 - 0% - 55%
2 - 0% - 45%
44 Defense
1 - 0% - 55%
2 - 0% - 45%
Last Minute Offensive  - 0:00
Last Minute Defensive  - 0:00
Total
Forward - 60:00
Defense - 60:00

% Time on Ice - Stars

Lines # - Real PCT - Wanted PCT - Time Play
Normal Forward
1 - 35% - 40% - 14:27
2 - 25% - 30% - 10:31
3 - 23% - 20% - 9:32
4 - 18% - 10% - 7:22
Normal Defense
1 - 38% - 40% - 16:00
2 - 28% - 30% - 11:36
3 - 34% - 20% - 14:04
4 - 0% - 10% - 0:12
PP Forward
1 - 52% - 60% - 5:48
2 - 48% - 40% - 5:15
PP Defense
1 - 58% - 60% - 6:27
2 - 42% - 40% - 4:36
PK Forward
1 - 68% - 60% - 4:16
2 - 32% - 40% - 1:58
PK Defense
1 - 70% - 60% - 4:21
2 - 30% - 40% - 1:53
PK3 Forward
1 - 73% - 60% - 0:37
2 - 27% - 40% - 0:14
PK3 Defense
1 - 73% - 60% - 0:37
2 - 27% - 40% - 0:14
44 Forward
1 - 0% - 60%
2 - 0% - 40%
44 Defense
1 - 0% - 60%
2 - 0% - 40%
Last Minute Offensive  - 0:00
Last Minute Defensive  - 0:00
Total
Forward - 60:00
Defense - 60:00

Play-by-Play

1st period


0:01 of 1st period - Mark Scheifele wins face-off versus Nazem Kadri in neutral zone.
0:04 of 1st period - Shot by Wayne Simmonds.
0:04 of 1st period - Shot Misses the Net.
0:06 of 1st period - Shot by Wayne Simmonds.
0:06 of 1st period - Shot Misses the Net.
0:38 of 1st period - Shot by Derek Forbort.
0:38 of 1st period - Shot Misses the Net.
0:40 of 1st period - Shot by Wayne Simmonds.
0:40 of 1st period - Stopped by Jonathan Quick without a rebound.
0:41 of 1st period - William Nylander wins face-off versus Sebastian Aho in Stars zone.
0:51 of 1st period - David Backes is hit by Jeff Petry and loses puck.
1:05 of 1st period - Josh Bailey is hit by Josh Manson and loses puck.
1:13 of 1st period - Gabriel Landeskog is hit by Sebastian Aho and loses puck.
1:38 of 1st period - Shot by Tyler Johnson.
1:38 of 1st period - Shot Misses the Net.
1:46 of 1st period - Shot by Tyler Johnson.
1:46 of 1st period - Deflect By Andrew Shaw.
1:46 of 1st period - Stopped by Jonathan Quick with a rebound.
2:03 of 1st period - Shot by Paul Byron.
2:03 of 1st period - Stopped by Pekka Rinne without a rebound.
2:04 of 1st period - Martin Hanzal wins face-off versus Torrey Mitchell in Ducks zone.
2:11 of 1st period - Shot by Martin Hanzal.
2:11 of 1st period - Shot Misses the Net.
2:54 of 1st period - Off-side.
2:55 of 1st period - Nazem Kadri wins face-off versus Milan Lucic in neutral zone.
3:58 of 1st period - Shot by Paul Byron.
3:58 of 1st period - Stopped by Pekka Rinne with a rebound.
4:31 of 1st period - Wayne Simmonds is hit by Duncan Keith and loses puck.
4:40 of 1st period - Shot by Mark Scheifele.
4:40 of 1st period - Deflect By Claude Giroux.
4:40 of 1st period - Stopped by Jonathan Quick without a rebound.
4:41 of 1st period - William Nylander wins face-off versus Henrik Sedin in Stars zone.
4:54 of 1st period - Shot by Gabriel Landeskog.
4:54 of 1st period - Stopped by Jonathan Quick without a rebound.
4:55 of 1st period - Torrey Mitchell wins face-off versus Nazem Kadri in Stars zone.
5:01 of 1st period - John Klingberg is hit by Troy Brouwer and loses puck.
5:06 of 1st period - Shot by Torrey Mitchell.
5:06 of 1st period - Stopped by Jonathan Quick without a rebound.
5:07 of 1st period - Henrik Sedin wins face-off versus William Nylander in Stars zone.
5:11 of 1st period - John Klingberg is hit by David Backes and loses puck.
5:24 of 1st period - Shot by Josh Bailey.
5:24 of 1st period - Shot Blocked by Kris Letang.
5:39 of 1st period - Sebastian Aho is hit by Derek Forbort and loses puck.
6:30 of 1st period - Shot by Jakub Voracek.
6:30 of 1st period - Stopped by Pekka Rinne with a rebound.
6:32 of 1st period - Shot by Nazem Kadri.
6:32 of 1st period - Stopped by Pekka Rinne without a rebound.
6:33 of 1st period - Mark Scheifele wins face-off versus Pierre-Luc Dubois in Ducks zone.
6:33 of 1st period - Claude Giroux is hit by Pierre-Luc Dubois and loses puck.
6:57 of 1st period - Icing by Roman Polak.
6:58 of 1st period - Mark Scheifele wins face-off versus Martin Hanzal in Ducks zone.
7:13 of 1st period - John Klingberg is hit by Wayne Simmonds and loses puck.
7:22 of 1st period - Shot by Devin Shore.
7:22 of 1st period - Shot Misses the Net.
7:24 of 1st period - Shot by John Klingberg.
7:24 of 1st period - Stopped by Pekka Rinne without a rebound.
7:24 of 1st period - Minor Penalty to Luke Schenn for Elbowing.
7:25 of 1st period - Nazem Kadri wins face-off versus Torrey Mitchell in Ducks zone.
7:50 of 1st period - Shot by Rasmus Ristolainen.
7:50 of 1st period - Shot Blocked by Colton Parayko.
7:52 of 1st period - Shot by Nazem Kadri.
7:52 of 1st period - Shot Blocked by Colton Parayko.
7:54 of 1st period - Shot by Josh Bailey.
7:54 of 1st period - Stopped by Pekka Rinne without a rebound.
7:55 of 1st period - Henrik Sedin wins face-off versus Tyler Johnson in Ducks zone.
7:56 of 1st period - Shot by John Klingberg.
7:56 of 1st period - Stopped by Pekka Rinne without a rebound.
7:57 of 1st period - Henrik Sedin wins face-off versus Tyler Johnson in Ducks zone.
8:30 of 1st period - Shot by Duncan Keith.
8:30 of 1st period - Shot Misses the Net.
8:38 of 1st period - Shot by Duncan Keith.
8:38 of 1st period - Deflect By Jakub Voracek.
8:38 of 1st period - Shot Misses the Net.
9:32 of 1st period - Shot by Pierre-Luc Dubois.
9:32 of 1st period - Shot Misses the Net.
9:34 of 1st period - Shot by Paul Byron.
9:34 of 1st period - Goal by Paul Byron - Ducks : 0 - Stars : 1.
9:35 of 1st period - William Nylander wins face-off versus Martin Hanzal in neutral zone.
9:48 of 1st period - Luke Schenn is hit by Tommy Wingels and loses puck.
10:07 of 1st period - Martin Hanzal is hit by Luke Schenn and loses puck.
10:42 of 1st period - Shot by Claude Giroux.
10:42 of 1st period - Stopped by Jonathan Quick without a rebound.
10:43 of 1st period - Nazem Kadri wins face-off versus Torrey Mitchell in Stars zone.
10:50 of 1st period - Icing by Rasmus Ristolainen.
10:51 of 1st period - Nazem Kadri wins face-off versus Tyler Johnson in Stars zone.
10:56 of 1st period - Shot by Jakub Voracek.
10:56 of 1st period - Stopped by Pekka Rinne with a rebound.
11:09 of 1st period - Minor Penalty to Rasmus Ristolainen for Holding.
11:10 of 1st period - Mark Scheifele wins face-off versus Martin Hanzal in Stars zone.
12:01 of 1st period - Shot by Zdeno Chara.
12:01 of 1st period - Stopped by Pekka Rinne without a rebound.
12:02 of 1st period - Tyler Johnson wins face-off versus Henrik Sedin in Ducks zone.
12:31 of 1st period - Shot by Derek Forbort.
12:31 of 1st period - Shot Misses the Net.
13:01 of 1st period - Kris Letang is hit by Jeff Petry and loses puck.
13:12 of 1st period - Shot by Torrey Mitchell.
13:12 of 1st period - Shot Blocked by Jakub Voracek.
13:19 of 1st period - Minor Penalty to Brandon Dubinsky for Hooking.
13:20 of 1st period - Nazem Kadri wins face-off versus Torrey Mitchell in Ducks zone.
13:30 of 1st period - Off-side.
13:31 of 1st period - Henrik Sedin wins face-off versus Torrey Mitchell in neutral zone.
14:40 of 1st period - Shot by Claude Giroux.
14:40 of 1st period - Shot Misses the Net.
14:42 of 1st period - Shot by Torrey Mitchell.
14:42 of 1st period - Shot Blocked by Duncan Keith.
15:21 of 1st period - Icing by Troy Brouwer.
15:22 of 1st period - Yanni Gourde wins face-off versus William Nylander in Ducks zone.
15:35 of 1st period - Shot by Pierre-Luc Dubois.
15:35 of 1st period - Shot Misses the Net.
16:37 of 1st period - Icing by Danny DeKeyser.
16:38 of 1st period - Mark Scheifele wins face-off versus Pierre-Luc Dubois in Stars zone.
16:50 of 1st period - Claude Giroux is hit by Zdeno Chara and loses puck.
16:57 of 1st period - Shot by Mark Scheifele.
16:57 of 1st period - Stopped by Jonathan Quick with a rebound.
17:25 of 1st period - Shot by Nazem Kadri.
17:25 of 1st period - Stopped by Pekka Rinne without a rebound.
17:26 of 1st period - Torrey Mitchell wins face-off versus Henrik Sedin in Ducks zone.
17:41 of 1st period - Off-side.
17:42 of 1st period - Tyler Johnson wins face-off versus Jakub Voracek in neutral zone.
17:47 of 1st period - Shot by Nazem Kadri.
17:47 of 1st period - Shot Misses the Net.
17:52 of 1st period - Jonathan Marchessault is hit by Luke Schenn and loses puck.
19:37 of 1st period - Minor Penalty to Wayne Simmonds for Elbowing.
19:38 of 1st period - Claude Giroux wins face-off versus Nazem Kadri in Ducks zone.
19:47 of 1st period - Shot by Nazem Kadri.
19:47 of 1st period - Shot Blocked by Colton Parayko.
19:49 of 1st period - Shot by Jeff Petry.
19:49 of 1st period - Shot Misses the Net.
19:59 of 1st period - Shot by Rasmus Ristolainen.
19:59 of 1st period - Shot Blocked by Colton Parayko.
Goals for this period are 0 for Ducks vs 1 for Stars.
Shots for this period are 7 for Ducks vs 11 for Stars.

2nd period


0:01 of 2nd period - Torrey Mitchell wins face-off versus Nazem Kadri in neutral zone.
0:32 of 2nd period - Shot by Rasmus Ristolainen.
0:32 of 2nd period - Shot Misses the Net.
0:59 of 2nd period - Off-side.
1:00 of 2nd period - Tyler Johnson wins face-off versus Henrik Sedin in neutral zone.
1:27 of 2nd period - Shot by Sebastian Aho.
1:27 of 2nd period - Goal by Sebastian Aho - Ducks : 0 - Stars : 2.
1:28 of 2nd period - William Nylander wins face-off versus Yanni Gourde in neutral zone.
1:30 of 2nd period - David Backes is hit by Paul Byron and loses puck.
1:38 of 2nd period - Off-side.
1:39 of 2nd period - Devin Shore wins face-off versus Mark Scheifele in neutral zone.
2:39 of 2nd period - Brandon Dubinsky is hit by Jonathan Marchessault.
2:40 of 2nd period - Icing by Brandon Dubinsky.
2:41 of 2nd period - Torrey Mitchell wins face-off versus Henrik Sedin in Ducks zone.
2:53 of 2nd period - Josh Bailey is hit by Josh Manson and loses puck.
3:07 of 2nd period - Henrik Sedin is hit by Josh Manson and loses puck.
3:12 of 2nd period - Shot by Josh Bailey.
3:12 of 2nd period - Stopped by Pekka Rinne without a rebound.
3:13 of 2nd period - Nazem Kadri wins face-off versus Tyler Johnson in Ducks zone.
3:32 of 2nd period - Shot by Tyler Johnson.
3:32 of 2nd period - Deflect By Milan Lucic.
3:32 of 2nd period - Stopped by Jonathan Quick without a rebound.
3:33 of 2nd period - Yanni Gourde wins face-off versus William Nylander in Stars zone.
4:59 of 2nd period - Shot by Torrey Mitchell.
4:59 of 2nd period - Stopped by Jonathan Quick without a rebound.
5:00 of 2nd period - Tyler Johnson wins face-off versus Henrik Sedin in Stars zone.
5:09 of 2nd period - Shot by Roman Polak.
5:09 of 2nd period - Stopped by Jonathan Quick with a rebound.
5:33 of 2nd period - Shot by Tyler Johnson.
5:33 of 2nd period - Shot Blocked by Danny DeKeyser.
5:40 of 2nd period - Josh Bailey is hit by Luke Schenn and loses puck.
7:00 of 2nd period - Luke Schenn is hit by Nazem Kadri and loses puck.
7:10 of 2nd period - Jakub Voracek is hit by Luke Schenn and loses puck.
7:57 of 2nd period - Icing by Colton Parayko.
7:58 of 2nd period - Henrik Sedin wins face-off versus Torrey Mitchell in Ducks zone.
8:35 of 2nd period - Shot by Mark Scheifele.
8:35 of 2nd period - Stopped by Jonathan Quick without a rebound.
8:36 of 2nd period - Pierre-Luc Dubois wins face-off versus William Nylander in Stars zone.
8:36 of 2nd period - Minor Penalty to David Backes for Hooking.
8:37 of 2nd period - Torrey Mitchell wins face-off versus Jakub Voracek in Ducks zone.
9:23 of 2nd period - Shot by Duncan Keith.
9:23 of 2nd period - Stopped by Pekka Rinne without a rebound.
9:24 of 2nd period - Gabriel Landeskog wins face-off versus Nazem Kadri in Ducks zone.
9:57 of 2nd period - Shot by Gabriel Landeskog.
9:57 of 2nd period - Shot Misses the Net.
9:59 of 2nd period - Shot by Gabriel Landeskog.
9:59 of 2nd period - Stopped by Jonathan Quick without a rebound.
10:00 of 2nd period - Tyler Johnson wins face-off versus Henrik Sedin in Stars zone.
10:55 of 2nd period - Shot by William Nylander.
10:55 of 2nd period - Shot Misses the Net.
10:59 of 2nd period - Shot by David Backes.
10:59 of 2nd period - Stopped by Jonathan Quick with a rebound.
11:01 of 2nd period - Shot by David Backes.
11:01 of 2nd period - Shot Misses the Net.
11:03 of 2nd period - Shot by Josh Manson.
11:03 of 2nd period - Shot Blocked by Zdeno Chara.
11:23 of 2nd period - Shot by Claude Giroux.
11:23 of 2nd period - Shot Misses the Net.
11:25 of 2nd period - Shot by Wayne Simmonds.
11:25 of 2nd period - Shot Misses the Net.
11:27 of 2nd period - Shot by Derek Forbort.
11:27 of 2nd period - Shot Misses the Net.
11:35 of 2nd period - Shot by Mark Scheifele.
11:35 of 2nd period - Shot Misses the Net.
11:37 of 2nd period - Shot by Kris Letang.
11:37 of 2nd period - Goal by Kris Letang - Ducks : 1 - Stars : 2.
11:38 of 2nd period - Torrey Mitchell wins face-off versus Devin Shore in neutral zone.
11:51 of 2nd period - Icing by John Klingberg.
11:52 of 2nd period - Tyler Johnson wins face-off versus Martin Hanzal in Stars zone.
11:58 of 2nd period - Andrew Shaw is hit by Rasmus Ristolainen and loses puck.
12:47 of 2nd period - Nazem Kadri is hit by Brandon Dubinsky and loses puck.
12:48 of 2nd period - Minor Penalty to Brandon Dubinsky for Slashing.
12:49 of 2nd period - Henrik Sedin wins face-off versus Torrey Mitchell in Ducks zone.
12:49 of 2nd period - Henrik Sedin is hit by Josh Manson.
12:53 of 2nd period - Shot by Jeff Petry.
12:53 of 2nd period - Shot Misses the Net.
13:53 of 2nd period - Shot by Jonathan Marchessault.
13:53 of 2nd period - Shot Misses the Net.
13:55 of 2nd period - Shot by Nazem Kadri.
13:55 of 2nd period - Goal by Nazem Kadri - Ducks : 1 - Stars : 3.
13:56 of 2nd period - William Nylander wins face-off versus Pierre-Luc Dubois in neutral zone.
14:07 of 2nd period - Shot by William Nylander.
14:07 of 2nd period - Deflect By David Backes.
14:07 of 2nd period - Shot Misses the Net.
14:09 of 2nd period - Shot by Derek Forbort.
14:09 of 2nd period - Stopped by Jonathan Quick without a rebound.
14:10 of 2nd period - Martin Hanzal wins face-off versus Mark Scheifele in Stars zone.
14:27 of 2nd period - Claude Giroux is hit by Duncan Keith and loses puck.
14:38 of 2nd period - Shot by Devin Shore.
14:38 of 2nd period - Stopped by Pekka Rinne without a rebound.
14:38 of 2nd period - Minor Penalty to Luke Schenn for Hooking.
14:39 of 2nd period - Nazem Kadri wins face-off versus Tyler Johnson in Ducks zone.
15:08 of 2nd period - Shot by John Klingberg.
15:08 of 2nd period - Stopped by Pekka Rinne without a rebound.
15:09 of 2nd period - Tyler Johnson wins face-off versus Henrik Sedin in Ducks zone.
15:20 of 2nd period - Shot by Rasmus Ristolainen.
15:20 of 2nd period - Stopped by Pekka Rinne without a rebound.
15:21 of 2nd period - Henrik Sedin wins face-off versus Tyler Johnson in Ducks zone.
15:32 of 2nd period - Shot by Jeff Petry.
15:32 of 2nd period - Shot Misses the Net.
15:48 of 2nd period - Shot by Jeff Petry.
15:48 of 2nd period - Shot Misses the Net.
15:50 of 2nd period - Shot by Rasmus Ristolainen.
15:50 of 2nd period - Shot Blocked by Josh Manson.
16:41 of 2nd period - Pierre-Luc Dubois is hit by Roman Polak and loses puck.
16:49 of 2nd period - Pierre-Luc Dubois is hit by Luke Schenn and loses puck.
17:16 of 2nd period - Yanni Gourde is hit by Luke Schenn and loses puck.
18:12 of 2nd period - Minor Penalty to Mark Scheifele for High sticking.
18:13 of 2nd period - Nazem Kadri wins face-off versus Torrey Mitchell in Ducks zone.
18:20 of 2nd period - Shot by Jeff Petry.
18:20 of 2nd period - Deflect By Nazem Kadri.
18:20 of 2nd period - Shot Misses the Net.
18:22 of 2nd period - Shot by Jeff Petry.
18:22 of 2nd period - Goal by Jeff Petry - Ducks : 1 - Stars : 4.
18:23 of 2nd period - Henrik Sedin wins face-off versus Tyler Johnson in neutral zone.
18:36 of 2nd period - Shot by Tyler Johnson.
18:36 of 2nd period - Stopped by Jonathan Quick without a rebound.
18:37 of 2nd period - Brandon Dubinsky wins face-off versus Nazem Kadri in Stars zone.
19:06 of 2nd period - Shot by Jakub Voracek.
19:06 of 2nd period - Shot Misses the Net.
Goals for this period are 1 for Ducks vs 3 for Stars.
Shots for this period are 9 for Ducks vs 8 for Stars.

3rd period


0:01 of 3rd period - Nazem Kadri wins face-off versus Mark Scheifele in neutral zone.
0:30 of 3rd period - Shot by Mark Scheifele.
0:30 of 3rd period - Shot Blocked by Rasmus Ristolainen.
0:40 of 3rd period - Shot by Wayne Simmonds.
0:40 of 3rd period - Stopped by Jonathan Quick without a rebound.
0:41 of 3rd period - Henrik Sedin wins face-off versus William Nylander in Stars zone.
0:41 of 3rd period - Duncan Keith is hit by David Backes and loses puck.
1:01 of 3rd period - Sebastian Aho is hit by Kris Letang and loses puck.
1:08 of 3rd period - Shot by Henrik Sedin.
1:08 of 3rd period - Stopped by Pekka Rinne with a rebound.
1:21 of 3rd period - Sebastian Aho is hit by Derek Forbort and loses puck.
1:31 of 3rd period - Off-side.
1:32 of 3rd period - Pierre-Luc Dubois wins face-off versus Torrey Mitchell in neutral zone.
1:46 of 3rd period - Yanni Gourde is hit by Josh Manson and loses puck.
1:50 of 3rd period - Paul Byron is hit by Colton Parayko and loses puck.
1:55 of 3rd period - Shot by Yanni Gourde.
1:55 of 3rd period - Shot Misses the Net.
1:57 of 3rd period - Shot by Paul Byron.
1:57 of 3rd period - Shot Blocked by Josh Manson.
3:12 of 3rd period - Jonathan Marchessault is hit by Derek Forbort and loses puck.
3:42 of 3rd period - Jakub Voracek is hit by Milan Lucic and loses puck.
4:08 of 3rd period - William Nylander is hit by Jeff Petry and loses puck.
4:24 of 3rd period - Minor Penalty to Jeff Petry for Tripping.
4:25 of 3rd period - Wayne Simmonds wins face-off versus Paul Byron in Stars zone.
4:28 of 3rd period - Shot by Wayne Simmonds.
4:28 of 3rd period - Stopped by Jonathan Quick without a rebound.
4:29 of 3rd period - Mark Scheifele wins face-off versus Martin Hanzal in Stars zone.
4:34 of 3rd period - Shot by Mark Scheifele.
4:34 of 3rd period - Shot Misses the Net.
4:50 of 3rd period - Shot by Kris Letang.
4:50 of 3rd period - Stopped by Jonathan Quick without a rebound.
4:51 of 3rd period - Gabriel Landeskog wins face-off versus Martin Hanzal in Stars zone.
4:56 of 3rd period - Shot by Tyler Johnson.
4:56 of 3rd period - Shot Misses the Net.
5:32 of 3rd period - Minor Penalty to Rasmus Ristolainen for Hooking.
5:33 of 3rd period - Martin Hanzal wins face-off versus Mark Scheifele in Stars zone.
5:43 of 3rd period - Off-side.
5:44 of 3rd period - Martin Hanzal wins face-off versus Mark Scheifele in neutral zone.
6:09 of 3rd period - Shot by Kris Letang.
6:09 of 3rd period - Stopped by Jonathan Quick without a rebound.
6:10 of 3rd period - Martin Hanzal wins face-off versus Tyler Johnson in Stars zone.
6:50 of 3rd period - Shot by Josh Manson.
6:50 of 3rd period - Shot Misses the Net.
7:01 of 3rd period - Icing by Kris Letang.
7:02 of 3rd period - Tommy Wingels wins face-off versus Mark Scheifele in Ducks zone.
7:05 of 3rd period - Shot by Yanni Gourde.
7:05 of 3rd period - Shot Misses the Net.
7:25 of 3rd period - Paul Byron is hit by Wayne Simmonds and loses puck.
9:18 of 3rd period - Shot by Claude Giroux.
9:18 of 3rd period - Stopped by Jonathan Quick without a rebound.
9:19 of 3rd period - William Nylander wins face-off versus Pierre-Luc Dubois in Stars zone.
9:30 of 3rd period - Shot by David Backes.
9:30 of 3rd period - Deflect By Gabriel Landeskog.
9:30 of 3rd period - Stopped by Jonathan Quick without a rebound.
9:31 of 3rd period - Martin Hanzal wins face-off versus Mark Scheifele in Stars zone.
10:13 of 3rd period - Off-side.
10:14 of 3rd period - Torrey Mitchell wins face-off versus Jakub Voracek in neutral zone.
10:14 of 3rd period - Torrey Mitchell is hit by Jonathan Marchessault.
11:13 of 3rd period - Icing by Josh Bailey.
11:14 of 3rd period - Josh Bailey wins face-off versus Mark Scheifele in Stars zone.
11:14 of 3rd period - Sebastian Aho is hit by Wayne Simmonds.
11:37 of 3rd period - Wayne Simmonds is hit by Josh Bailey and loses puck.
12:24 of 3rd period - William Nylander is hit by Jeff Petry and loses puck.
12:47 of 3rd period - Shot by William Nylander.
12:47 of 3rd period - Shot Misses the Net.
12:50 of 3rd period - Gabriel Landeskog is hit by Jeff Petry and loses puck.
13:21 of 3rd period - Derek Forbort is hit by Nazem Kadri and loses puck.
13:45 of 3rd period - Shot by John Klingberg.
13:45 of 3rd period - Deflect By Jakub Voracek.
13:45 of 3rd period - Shot Misses the Net.
14:05 of 3rd period - Shot by Troy Brouwer.
14:05 of 3rd period - Shot Blocked by Danny DeKeyser.
14:28 of 3rd period - Shot by Henrik Sedin.
14:28 of 3rd period - Shot Misses the Net.
14:30 of 3rd period - Shot by Zdeno Chara.
14:30 of 3rd period - Stopped by Pekka Rinne without a rebound.
14:31 of 3rd period - William Nylander wins face-off versus Martin Hanzal in Ducks zone.
14:31 of 3rd period - David Backes is hit by Tommy Wingels and loses puck.
14:42 of 3rd period - Shot by William Nylander.
14:42 of 3rd period - Shot Misses the Net.
14:44 of 3rd period - Shot by Roman Polak.
14:44 of 3rd period - Shot Hit the Post.
14:46 of 3rd period - Shot by Luke Schenn.
14:46 of 3rd period - Stopped by Jonathan Quick without a rebound.
14:47 of 3rd period - Nazem Kadri wins face-off versus Mark Scheifele in Stars zone.
14:47 of 3rd period - Nazem Kadri is hit by Wayne Simmonds.
15:04 of 3rd period - Icing by Jakub Voracek.
15:05 of 3rd period - Nazem Kadri wins face-off versus William Nylander in Stars zone.
15:05 of 3rd period - Nazem Kadri is hit by David Backes.
15:10 of 3rd period - Icing by John Klingberg.
15:11 of 3rd period - David Backes wins face-off versus Nazem Kadri in Stars zone.
15:29 of 3rd period - Minor Penalty to Rasmus Ristolainen for Hooking.
15:30 of 3rd period - Mark Scheifele wins face-off versus Martin Hanzal in Stars zone.
15:56 of 3rd period - Off-side.
15:57 of 3rd period - Martin Hanzal wins face-off versus William Nylander in neutral zone.
16:53 of 3rd period - Shot by Claude Giroux.
16:53 of 3rd period - Deflect By Wayne Simmonds.
16:53 of 3rd period - Stopped by Jonathan Quick without a rebound.
16:54 of 3rd period - Martin Hanzal wins face-off versus Mark Scheifele in Stars zone.
17:35 of 3rd period - Shot by Troy Brouwer.
17:35 of 3rd period - Shot Misses the Net.
18:22 of 3rd period - Rasmus Ristolainen is hit by Andrew Shaw and loses puck.
18:35 of 3rd period - Shot by Tyler Johnson.
18:35 of 3rd period - Shot Misses the Net.
18:37 of 3rd period - Shot by Derek Forbort.
18:37 of 3rd period - Stopped by Jonathan Quick with a rebound.
18:39 of 3rd period - Shot by Andrew Shaw.
18:39 of 3rd period - Stopped by Jonathan Quick without a rebound.
18:40 of 3rd period - Henrik Sedin wins face-off versus Mark Scheifele in Stars zone.
18:45 of 3rd period - Mark Scheifele is hit by Henrik Sedin and loses puck.
18:52 of 3rd period - Shot by Sebastian Aho.
18:52 of 3rd period - Stopped by Pekka Rinne without a rebound.
18:53 of 3rd period - William Nylander wins face-off versus Pierre-Luc Dubois in Ducks zone.
18:57 of 3rd period - Off-side.
18:58 of 3rd period - Mark Scheifele wins face-off versus Henrik Sedin in neutral zone.
19:05 of 3rd period - Shot by Mark Scheifele.
19:05 of 3rd period - Deflect By Claude Giroux.
19:05 of 3rd period - Stopped by Jonathan Quick with a rebound.
Goals for this period are 0 for Ducks vs 0 for Stars.
Shots for this period are 11 for Ducks vs 3 for Stars.